AoeStats
← NuMa | JuanMan

Arabia

508985155Analyzed
3v3 RM · 8d ago on Sep 25, 2026· 28m 46s· 6 players
Game mode
Random Map
Map size
Normal (6 player)
Population
200
Speed
Normal
Resources
Standard
Victory
Conquest
Starting age
Dark Age
Ending age
Imperial Age
RankedLock teamsTeams togetherTeam positionsShared explorationLock speedFull tech treeHidden civsTurbo modeCheats
Victory
Defeat
🇨🇴 Berbers · Colombia
1335
+16
🇨🇴 Varangians · Colombia
1271
+18
🇨🇴 Romans · Colombia
1257
+19
🇺🇸 Magyars · United States
1386
-21
🇪🇸 Ethiopians · Spain
1357
-19
🇦🇷 Persians · Argentina
1218
-13
Camo
6:52 Loom
7:21 Loom
11:42 Feudal Age
16:22 Castle Age
14:39 Double-Bit Axe
16:34 Horse Collar
17:41 Bow Saw
23:58 Scale Barding Armor
25:59 Husbandry
26:56 Heavy Plow
26:55 Fishing Lines
27:18 Town Watch
28:20 Bloodlines
28:11 Gold Mining
28:27 Gillnets
29:26 Chain Barding Armor
[COL] Sagros
6:58 Loom
9:24 Feudal Age
11:31 Horse Collar
15:08 Forging
15:25 Scale Barding Armor
16:31 Wheelbarrow
18:18 Town Watch
21:27 Castle Age
19:49 Gold Mining
20:47 Bloodlines
21:28 Light Cavalry
22:35 Chain Barding Armor
22:17 Double-Bit Axe
22:38 Heavy Plow
23:15 Gold Shaft Mining
23:15 Husbandry
25:35 Bow Saw
27:18 Iron Casting
NuMa | JuanMan
7:00 Loom
9:19 Feudal Age
10:07 Man-at-Arms
12:23 Double-Bit Axe
12:43 Scale Mail Armor
14:40 Horse Collar
16:48 Padded Archer Armor
23:26 Castle Age
22:26 Forging
22:40 Fletching
22:43 Gold Mining
23:49 Long Swordsman
24:45 Chain Mail Armor
25:03 Squires
25:47 Leather Archer Armor
26:08 Iron Casting
Laggy
7:03 Loom
7:07 Loom
10:03 Feudal Age
10:46 Double-Bit Axe
17:07 Fletching
24:00 Castle Age
22:38 Scale Barding Armor
22:57 Horse Collar
24:06 Bloodlines
24:07 Gold Mining
27:31 Chain Barding Armor
MPW_SCRaTCH
7:39 Loom
10:21 Feudal Age
11:24 Double-Bit Axe
13:08 Fletching
16:02 Horse Collar
19:23 Town Watch
19:58 Padded Archer Armor
21:30 Wheelbarrow
21:13 Gold Mining
25:55 Castle Age
26:48 Bodkin Arrow
26:14 Crossbowman
27:01 Thumb Ring
27:30 Leather Archer Armor
28:24 Ballistics
YuYu
9:00 Loom
11:11 Feudal Age
16:29 Castle Age
15:02 Horse Collar
15:46 Double-Bit Axe
23:20 Wheelbarrow
24:10 Bow Saw
24:10 Heavy Plow
27:44 Hand Cart
27:41 Gold Mining
28:11 Husbandry
Connection lost

Rejoining the realm…

Still unreachable

The connection could not be restored.

Session expired

The server has moved on; the page needs a fresh start.